 Dungeon Crawl Stone Soup version 0.29.1-15-g9cfb28693d (webtiles) character file.

Game seed: 15335822422879917274

17 Heoruswealwe the Digger (level 2, 15/15 HPs)
             Began as a Deep Elf Earth Elementalist on May 3, 2023.
             Was a Follower of Fedhas.
             Got out of the dungeon alive.
             The game lasted 00:05:43 (673 turns).

Heoruswealwe the Digger (DEEE)                       Turns: 673, Time: 00:05:44

Health: 15/15      AC:  2    Str:  5    XL:     2   Next: 44%
Magic:  8/8        EV: 12    Int: 19    God:    Fedhas [*.....]
Gold:   21         SH:  0    Dex: 15    Spells: 5/8 levels left

rFire   . . .      SeeInvis .   (no weapon)
rCold   . . .      Faith    .   (no shield)
rNeg    . . .      Spirit   .   c - +0 robe
rPois   .          Reflect  .   (no helmet)
rElec   .          Harm     .   (no cloak)
rCorr   .          Rampage  .   (no gloves)
Will    .....      Rage     3%  (no boots)
Stlth   ++........              (no amulet)
HPRegen 0.05/turn               (no ring)
MPRegen 0.11/turn               (no ring)

@: no status effects
A: berserk 1, inhibited regeneration
a: Renounce Religion


You escaped.
You worshipped Fedhas.
Fedhas was aware of your devotion.
You visited 1 branch of the dungeon, and saw 1 of its levels.

You collected 21 gold pieces.

Inventory:

Armour
 c - a +0 robe (worn)
Scrolls
 e - a scroll of vulnerability
Potions
 b - a potion of magic


   Skills:
 - Level 2.4 Dodging
 - Level 2.4 Stealth
 + Level 3.7 Spellcasting
 - Level 1.1 Transmutations
 + Level 3.8 Earth Magic


You had 5 spell levels left.
You knew the following spells:

 Your Spells              Type           Power      Damage    Failure   Level
a - Sandblast             Erth           36%        2d10      3%          1
z - Passwall              Tmut/Erth      10%        N/A       8%          2

Your spell library contained the following spells:

 Spells                   Type           Power      Damage    Failure   Level
 Magic Dart               Conj           12%        1d3       14%         1
 Stone Arrow              Conj/Erth      20%        3d8       19%         3
 Searing Ray              Conj           6%         2d4       22%         2
 Petrify                  Tmut/Erth      12%        N/A       45%         4
 Fulminant Prism          Conj/Hex       1%         3d6       80%         4


Dungeon Overview and Level Annotations

Branches:
Dungeon (1/15)

Altars:
Fedhas


Innate Abilities, Weirdness & Mutations

You sometimes lose your temper in combat.
You do not regenerate when monsters are visible.


Message History

The plants of the dungeon cease their hostilities.
You cannot walk through the dense trees.
You enter the shallow water.
Moving in this stuff is going to be slow.
Found a scroll labelled PUT RUCWEHESS.
e - 2 scrolls labelled PUT RUCWEHESS (gained 1)
Casting: Sandblast (safe; 3% risk of failure)
Confirm with . or Enter, or press ? or * to list all spells.
Aiming: Passwall (safe; 8% risk of failure)
Press: ? - help, Dir - move target A rock wall.
You miscast Passwall.
You are very lightly contaminated with residual magic.
Nothing appears to happen.
Unknown command.
Casting: Passwall (safe; 8% risk of failure)
Confirm with . or Enter, or press ? or * to list all spells.
Aiming: Passwall (safe; 8% risk of failure)
Press: ? - help, Dir - move target A rock wall.
You begin to meditate on the wall.
You continue meditating on the rock. x2
You finish merging with the rock.
Your magical contamination has completely faded away.
Done exploring.
As you read the scroll labelled PUT RUCWEHESS, it crumbles to dust.
Magic quickly surges around you.
It was a scroll of vulnerability.
As you read the scroll labelled VIC TEMIYTEWI, it crumbles to dust.
You feel strangely unstable.
It was a scroll of teleportation.
It was a potion of mutation.
You feel extremely strange.
You feel a little pissed off.
Your regeneration stops near monsters.
Your surroundings suddenly seem different.
You enter the shallow water.
Moving in this stuff is going to be slow.
Why would you want to do that?
You feel your willpower return.
There is a stone staircase leading down here.
There is a staircase leading out of the dungeon here.
Okay, then.
Are you sure you want to leave the Dungeon?
This will make you lose the game!
You have escaped!

.# #.### #.#..~≈≈♣ .# #.#
#.#..~≈≈≈ .# #.# #.#~.≈≈≈≈ .# #.#
#.#.~~~~≈ .# #.# ######.#....~.
.# #.# #......#.~.~~. .# #.#
#.#######..... .#####.# #####.#
#.......
###[############@>#############.#
.....##......................##.#
###.###.##..##......##..##...##.#
# #.# #......................##.#
# #.# #.######......######...##..
# #.# #......................####
# #.# #.####################.# #
#.# #..# #.# #.....#### ###.#
##.# #######.###.#.......


There were no monsters in sight!

Vanquished Creatures
  A dart slug (D:1)
  2 bats (D:1)
  2 endoplasms (D:1)
  A giant cockroach (D:1)
  2 hobgoblins (D:1)
  2 ball pythons (D:1)
  2 frilled lizards (D:1)
  2 kobolds (D:1)
  A rat (D:1)
15 creatures vanquished.

Notes
Turn   | Place    | Note
-------+----------+-------------------------------------------
     0 | D:1      | Heoruswealwe the Deep Elf Earth Elementalist began the
                  | quest for the Orb.
     0 | D:1      | Reached XP level 1. HP: 10/10 MP: 6/6
   225 | D:1      | Reached XP level 2. HP: 13/15 MP: 6/8
   228 | D:1      | Learned a level 2 spell: Passwall
   475 | D:1      | Found a faded altar of an unknown god.
   527 | D:1      | Prayed at the altar of an unknown god.
   527 | D:1      | Became a worshipper of Fedhas Madash
   527 | D:1      | Reached * piety under Fedhas
   620 | D:1      | Gained mutation: You sometimes lose your temper in combat.
                  | [potion of mutation]
   620 | D:1      | Gained mutation: You do not regenerate when monsters are
                  | visible. [potion of mutation]
   673 | D:$      | Got out of the dungeon alive.

Illustrated notes

Levels and vault maps discovered:
D:1:      dpeg_arrival_line_fractal, layout_loops_ring,
          chequers_ecumenical_altar_island, minivault_25, minmay_pentomino_s2

Action                   || total
-------------------------++-------
 Cast: Sandblast         ||    20
       Passwall          ||     1
  Use: Scroll            ||     2
       Potion            ||     1
Armor: Robe              ||     2
Dodge: Dodged            ||     6
